Unix xNetHack Version 7.1.0 - last build May 27 2022 02:01:18 (40ddc3af3caeb211f83a4e7a6471a44cedb5a298). Game began 2022-06-02 11:00:50, ended 2022-06-02 11:08:43. Concrete, chaotic female elven Priestess ----- -------------############./..| |......<....|# |...| ............|# |...| |...........|# #-...| |...........|# #|...| --.----.-----# #----- ######## # ## # # ### # #@ # C# # ---.------------# |...............# |..............| ---------------- Concrete the Acolyte St:6 Dx:9 Co:16 In:18 Wi:15 Ch:8 Chaotic S:382 Dlvl:3 $:38 HP:0(28) Pw:47(47) AC:6 Xp:3/61 T:1016 Hungry Hallu Latest messages: You slip on a banana peel. You forget the rules to Charades! You hear a door open. You trip over your own elbow. You forget the rules to Charades! You slip on a banana peel. You forget the rules to Charades! With great effort you move the boulder. You hear a door open. You try to move the boulder, but in vain. You slip on a banana peel. You forget the rules to Charades! You see here 11 gold pieces. $ - 11 gold pieces {0}. You are getting the munchies. You slip on a banana peel. You forget the rules to Charades! You see here 6 gold pieces. $ - 6 gold pieces {0}. You stumble. You forget the rules to Charades! You stumble. You forget the rules to Charades! The dingo recoils from your copper mace! You kill the quantum mechanic! You are splashed by the falling chandelier's ketchup! You see here a green mold corpse. There is a green mold corpse here; eat it? [ynq] (n) y You have a very bad case of stomach acid. You finish eating the green mold corpse. You feel secure from flashbacks. You flounder. You forget the rules to Charades! Ouch! You bump into a door. Ouch! You bump into a door. In what direction? k You kick the door. The door crashes open! The gold dragon thrusts their dagger. The imp misses! The wood nymph thrusts his dagger. The nickelpede hits you! You recoil from the touch of iron! You no longer feel safe from acid. You miss the Green-elf. The dwarf zombie thrusts their dagger. The large dog pierces you! You recoil from the touch of iron! You die... Do you want your possessions identified? [ynq] (y) q Major events: Turn 1: Concrete the chaotic elven Priestess entered the dungeon 716: attained the rank of Acolyte (level 3) 1016: killed by a hallucinogen-distorted hobbit Inventory: Inventory: 354/600 weight (16/52 slots) Coins $ - 38 gold pieces {1} Weapons a - a blessed +1 copper mace (weapon in hand) {31} Armor r - a +0 pair of fumble boots (being worn) {15} c - a +0 small shield (being worn) {23} b - a +0 robe (being worn) {12} Scrolls n - a scroll of enchant armor {5} k - a scroll of identify {5} Spellbooks q - a spellbook of extra healing {45} g - a spellbook of healing {35} h - a spellbook of light {35} Potions o - a potion of booze {20} l - a potion of gain energy {20} m - a potion of monster detection {20} d - 4 potions of holy water {80} Tools j - a flute {5} i - a magic marker (0:59) {2} Gems/Stones p - a worthless piece of orange glass {1} Concrete the Priestess's attributes: Background: You were an Acolyte, a level 3 elven Priestess. You were chaotic, nominally on a mission for Anshar who was opposed by Anu (lawful) and Ishtar (neutral). You were heterosexual. You were in the Dungeons of Doom, on level 3. You entered the dungeon 1016 turns ago. You had 61 experience points, 19 more were needed to attain level 4. Your score was 382 before end-of-game adjustments. Basics: You had 0 out of 28 hit points. You had all 47 energy points (spell power). Your armor class was 6. Your wallet contained 38 cursed doubloons. Autopickup was off. Final Characteristics: Your strength was 6 (peak:10, limit:18). Your dexterity was 9 (limit:18). Your constitution was 16 (limit:16). Your intelligence was 18 (limit:20). Your wisdom was 15 (limit:20). Your charisma was 8 (limit:18). Final Status: You were hallucinating. You fumbled. You were hungry. You were unencumbered. You were wielding a mace. You had basic skill with mace. Final Attributes: You were devoutly aligned. You had infravision. You were guarded. You were harmed by iron. You are dead. Miscellaneous: You never encountered a bones level. Total elapsed playing time was 7 minutes and 50 seconds. Vanquished creatures: a large kobold a yellow mold a green mold 3 jackals a fox a goblin a sewer rat 3 grid bugs 7 lichens 2 kobold zombies 21 creatures vanquished. No species were genocided or became extinct. Voluntary challenges: You were an atheist. You read items or engraved 1 time. You never genocided any monsters. You never polymorphed an object. You never changed form. You never touched an artifact. You used no wishes. You never owned a pet. You never scared an enemy with impunity. You were celibate. You never generated conflict. Achievement: You attained the rank of Acolyte. The Dungeons of Doom: levels 1 to 3 Level 1: A fountain. Level 2: A fountain. Level 3: <- You were here. Final resting place for you, killed by a hallucinogen-distorted hobbit. Game over: __________ / \ / REST \ / IN \ / PEACE \ / \ | Concrete | | 38 Au | | killed by a | | hallucinogen-dis | | torted hobbit | | | | 2022 | *| * * * | * _________)/\\_//(\/(/\)/\//\/|_)_______ Goodbye Concrete the Priestess... You died in The Dungeons of Doom on dungeon level 3 with 379 points, and 38 pieces of gold, after 1016 moves. You were level 3 with a maximum of 28 hit points when you died.